 Dungeon Crawl Stone Soup version 0.21-a0-426-g98080a9 (webtiles) character file.

522 theanonym the Shield-Bearer (level 7, -2/60 HPs)
             Began as a Gnoll Fighter on Nov 6, 2017.
             Killed by nerve-wracking pain
             ... invoked by an orc priest
              (7 damage)
             ... on level 5 of the Dungeon.
             The game lasted 00:05:24 (2762 turns).

theanonym the Shield-Bearer (Gnoll Fighter)         Turns: 2762, Time: 00:05:26

Health: -2/60      AC:  9    Str: 25    XL:     7   Next: 22%
Magic:  10/10      EV:  9    Int: 11    God:
Gold:   285        SH: 11    Dex: 14    Spells: 10/10 levels left

rFire    . . .     SeeInvis .   a - +0 war axe
rCold    . . .     Gourm    .   c - +0 shield
rNeg     . . .     Faith    .   b - +0 scale mail
rPois    +         Spirit   .   (no helmet)
rElec    .         Reflect  .   (no cloak)
rCorr    .         Harm     .   C - +0 pair of gloves
MR       .....                  (no boots)
Stlth    +.........             (no amulet)
HPRegen  0.20/turn              y - ring of poison resistance
MPRegen  0.12/turn              r - ring of wizardry

@: mighty, flying, hasted, very quick
A: distributed training, fangs 1, strong nose
a: no special abilities


Innate Abilities, Weirdness & Mutations

Your experience applies equally to all skills.
You have very sharp teeth.
Your uncanny sense of smell can sniff out nearby items.


   Skills:
 + Level 7.0 Fighting
 + Level 2.3 Short Blades
 + Level 2.3 Long Blades
 + Level 5.1 Axes
 + Level 2.3 Maces & Flails
 + Level 2.3 Polearms
 + Level 2.3 Staves
 + Level 2.3 Slings
 + Level 2.3 Bows
 + Level 2.3 Crossbows
 + Level 2.3 Throwing
 + Level 7.0 Armour
 + Level 2.3 Dodging
 + Level 2.3 Stealth
 + Level 7.0 Shields
 + Level 2.3 Unarmed Combat
 + Level 2.3 Spellcasting
 + Level 1.8 Conjurations
 + Level 1.8 Hexes
 + Level 1.8 Charms
 + Level 1.8 Summonings
 + Level 1.8 Necromancy
 + Level 1.8 Translocations
 + Level 1.8 Transmutations
 + Level 1.8 Fire Magic
 + Level 1.8 Ice Magic
 + Level 1.8 Air Magic
 + Level 1.8 Earth Magic
 + Level 1.8 Poison Magic
 + Level 2.5 Invocations
 + Level 2.3 Evocations


You had 10 spell levels left.
You didn't know any spells.

Skill      XL: |  1  2  3  4  5  6  7 |
---------------+----------------------+-----
Short Blades   | 1 2 |  2.3
Long Blades    | 1 2 |  2.3
Maces & Flails | 1 2 |  2.3
Polearms       | 1 2 |  2.3
Staves         | 1 2 |  2.3
Slings         | 1 2 |  2.3
Bows           | 1 2 |  2.3
Crossbows      | 1 2 |  2.3
Throwing       | 1 2 |  2.3
Dodging        | 1 2 |  2.3
Stealth        | 1 2 |  2.3
Unarmed Combat | 1 2 |  2.3
Spellcasting   | 1 2 |  2.3
Invocations    | 1 2 |  2.5
Evocations     | 1 2 |  2.3
Conjurations   | 1 |  1.8
Hexes          | 1 |  1.8
Charms         | 1 |  1.8
Summonings     | 1 |  1.8
Necromancy     | 1 |  1.8
Translocations | 1 |  1.8
Transmutations | 1 |  1.8
Fire Magic     | 1 |  1.8
Ice Magic      | 1 |  1.8
Air Magic      | 1 |  1.8
Earth Magic    | 1 |  1.8
Poison Magic   | 1 |  1.8
Axes           | 5 |  5.1
Fighting       | 7 |  7.0
Armour         | 7 |  7.0
Shields        | 7 |  7.0

Action                   |  1- 3 |  4- 6 |  7- 9 || total
-------------------------+-------+-------+-------++-------
Melee: War axe           |    76 |   161 |    21 ||   258
       Bite              |     7 |    16 |       ||    23
  Use: Potion            |       |       |     4 ||     4
  Eat: Chunk             |       |     6 |       ||     6
Armor: Scale mail        |    20 |    62 |    16 ||    98
Dodge: Dodged            |    25 |    66 |    15 ||   106
Block: Shield            |    39 |   128 |    10 ||   177

Inventory:

Hand Weapons
 a - a +0 war axe (weapon)
Missiles
 g - 21 bolts
 w - 4 throwing nets (quivered)
 z - 2 javelins
Armour
 b - a +0 scale mail (worn)
 c - a +0 shield (worn)
 C - a +0 pair of gloves (worn)
   (You found it on level 3 of the Dungeon)
Jewellery
 r - a ring of wizardry (right hand)
   (You found it on level 1 of the Dungeon)
 y - a ring of poison resistance (left hand)
   (You found it on level 3 of the Dungeon)
 H - an uncursed ring of magical power {unknown}
   (You found it on level 5 of the Dungeon)
Scrolls
 e - a scroll of immolation {unknown}
 h - 4 scrolls of fog {unknown}
 i - 6 scrolls of identify {unknown}
 k - a scroll of recharging {unknown}
 n - a scroll of enchant armour {unknown}
 v - 2 scrolls of fear {unknown}
 B - a scroll of teleportation {unknown}
 E - a scroll of remove curse {unknown}
Potions
 l - a potion of berserk rage {unknown}
 m - a potion of flight
 p - 3 potions of curing
 q - a potion of cancellation {unknown}
 s - a potion of ambrosia {unknown}
 t - 2 potions of haste
 u - a potion of degeneration {unknown}
 A - a potion of lignification {unknown}
 D - a potion of mutation {unknown}
Books
 G - a book of Frost
   (You found it on level 5 of the Dungeon)

   Spells                             Type                      Level
   a - Freeze                         Ice                          1
   b - Throw Frost                    Conjuration/Ice              2
   c - Ozocubu's Armour               Charms/Ice                   3
   d - Throw Icicle                   Conjuration/Ice              4
   e - Summon Ice Beast               Ice/Summoning                4
Comestibles
 f - 3 bread rations
 j - 3 fruits
 o - 3 meat rations
 x - 3 royal jellies
 F - 5 chunks of flesh

Dungeon Overview and Level Annotations

Branches:
Dungeon (5/15)
 Temple: D:4-7

Altars:
Hepliaklqana
Xom
The Shining One


You were on level 5 of the Dungeon.
You were not hungry.

You visited 1 branch of the dungeon, and saw 5 of its levels.

You collected 285 gold pieces.


Message History

The orc priest begins to cast a cantrip, but forgets the words!
The orc hits you. The orc closely misses you.
You take 3 damage, and have 52/59 hp.
You completely miss the orc wizard. You slash the orc!
You kill the orc!
You barely miss the orc. The orc hits you but does no damage.
You block the orc wizard's attack.
An orc comes into view. It is wielding a trident.
The orc shouts!
You hit the orc wizard but do no damage.
You slash the orc!
You kill the orc!
You hit the orc.
You kill the orc!
The orc wizard hits you but does no damage.
You feel very mighty all of a sudden.
The orc priest looks braver for a moment.
The orc wizard hits you with a dagger.
You take 1 damage, and have 52/59 hp.
You hit the orc wizard. You hit the orc priest.
The orc priest calls down the wrath of Beogh upon you.
You struggle to resist.
The orc wizard casts a spell.
The orc wizard blinks!
The orc priest looks encouraged for a moment.
The orc priest mumbles some strange prayers to Beogh against you.
You struggle to resist.
The orc priest invokes the aid of Beogh against you.
Beogh smites you! The orc wizard closely misses you.
You take 15 damage, and have 37/59 hp.
MASSIVE DAMAGE!!
You closely miss the orc wizard. You hit the orc priest.
The orc priest invokes the aid of Beogh against you.
Pain shoots through your body!
The orc priest calls down the wrath of Beogh upon you.
Beogh smites you!
* * * LOW HITPOINT WARNING * * *
The orc wizard hits you but does no damage.
The orc priest calls upon Beogh to heal the orc wizard.
The orc wizard is healed somewhat.
An orc wizard and a zombie come into view.
You take 10 damage, and have 27/59 hp.
You slash the orc wizard! You slash the orc priest!
You kill the orc priest!
You hit the orc priest.
The orc priest invokes the aid of Beogh against you.
Beogh smites you!
* * * LOW HITPOINT WARNING * * *
The orc wizard hits you but does no damage.
You block the orc's attack.
The orc priest calls upon Beogh to heal the orc priest.
The orc priest is healed somewhat.
The orc priest casts a cantrip, but nothing happens.
The orc priest hits you with a war axe.
* * * LOW HITPOINT WARNING * * *
The orc wizard hits you but does no damage.
You hear a shout!
You take 9 damage, and have 18/59 hp.
You closely miss the orc wizard. You barely miss the orc priest.
The orc closely misses you.
The orc wizard hits you but does no damage.
You slash the orc wizard!
You kill the orc wizard!
Your Fighting skill increases to level 7!
Your Armour skill increases to level 7!
Your Shields skill increases to level 7!
Your shield and scale mail prevent you from hitting the orc priest.
The orc priest invokes the aid of Beogh against you.
Beogh smites you!
* * * LOW HITPOINT WARNING * * *
You block the orc's attack.
The orc wizard casts a spell.
The orc wizard seems to speed up.
The orc priest barely misses you.
An orc comes into view.
You take 13 damage, and have 5/60 hp.
MASSIVE DAMAGE!!
It was a potion of curing.
You feel better.
The orc priest calls down the wrath of Beogh upon you.
Pain shoots through your body!
* * * LOW HITPOINT WARNING * * *
The orc closely misses you. You block the orc's attack.
The orc priest hits you with a war axe.
* * * LOW HITPOINT WARNING * * *
It was a potion of flight.
You feel very buoyant.
You fly up into the air.
The orc priest casts a cantrip, but nothing happens.
The orc priest closely misses you. The orc hits you but does no damage.
The orc completely misses you.
It was a potion of haste.
You feel yourself speed up.
The orc priest hits you but does no damage.
The orc priest calls upon Beogh to heal the orc priest.
The orc priest's wounds heal themselves!
You block the orc's attack. The orc closely misses you.
Okay, then.
Unknown command.
You slash the orc priest! You hit the orc. You barely miss the orc priest.
The orc priest looks encouraged for a moment.
The orc priest hits you but does no damage.
The orc priest mumbles some strange prayers to Beogh against you.
Pain shoots through your body!
You die...

. .# .# #> .##.# ..
##. #.... .. #..
...# .. #(##..##. .#
## #.#..# #.# .# ...
###....# #.# o##..#
###......# #.##ooZo#
###......### #.#@o#
....#.##.# #.o).# ∆
<.....##.#####...##
∆
....###.........####
..###
####.........#∆ ..#
#.........# ∆ ..#
#.........# ..#
#.........# ..#
#.........#


You could see 3 orc priests, an orc wizard, 2 orcs and a quokka zombie.

Notes
Turn   | Place    | Note
-------+----------+-------------------------------------------
     0 | D:1      | theanonym the Gnoll Fighter began the quest for the Orb.
     0 | D:1      | Reached XP level 1. HP: 23/23 MP: 1/1
   117 | D:1      | Reached XP level 2. HP: 27/29 MP: 2/2
   704 | D:1      | Reached XP level 3. HP: 35/35 MP: 3/3
   788 | D:2      | Noticed Terence
   811 | D:1      | Killed Terence
   811 | D:1      | Reached skill level 1 in Short Blades
   811 | D:1      | Reached skill level 1 in Long Blades
   811 | D:1      | Reached skill level 1 in Maces & Flails
   811 | D:1      | Reached skill level 1 in Polearms
   811 | D:1      | Reached skill level 1 in Staves
   811 | D:1      | Reached skill level 1 in Slings
   811 | D:1      | Reached skill level 1 in Bows
   811 | D:1      | Reached skill level 1 in Crossbows
   811 | D:1      | Reached skill level 1 in Throwing
   811 | D:1      | Reached skill level 1 in Dodging
   811 | D:1      | Reached skill level 1 in Stealth
   811 | D:1      | Reached skill level 1 in Unarmed Combat
   811 | D:1      | Reached skill level 1 in Spellcasting
   811 | D:1      | Reached skill level 1 in Invocations
   811 | D:1      | Reached skill level 1 in Evocations
   811 | D:1      | Reached XP level 4. HP: 35/41 MP: 3/5
   898 | D:2      | Reached skill level 1 in Conjurations
   898 | D:2      | Reached skill level 1 in Hexes
   898 | D:2      | Reached skill level 1 in Charms
   898 | D:2      | Reached skill level 1 in Summonings
   898 | D:2      | Reached skill level 1 in Necromancy
   898 | D:2      | Reached skill level 1 in Translocations
   898 | D:2      | Reached skill level 1 in Transmutations
   898 | D:2      | Reached skill level 1 in Fire Magic
   898 | D:2      | Reached skill level 1 in Ice Magic
   898 | D:2      | Reached skill level 1 in Air Magic
   898 | D:2      | Reached skill level 1 in Earth Magic
   898 | D:2      | Reached skill level 1 in Poison Magic
  1029 | D:2      | Found a glowing golden altar of the Shining One.
  1070 | D:2      | Reached XP level 5. HP: 45/47 MP: 6/6
  1763 | D:3      | Reached XP level 6. HP: 53/53 MP: 8/8
  1976 | D:4      | Reached skill level 2 in Invocations
  1984 | D:4      | Got a crude shortbow
  2059 | D:4      | Found a hazy altar of Hepliaklqana.
  2060 | D:4      | Found a shimmering altar of Xom.
  2061 | D:4      | Noticed a spectral ugly thing
  2112 | D:4      | HP: 24/53 [worker ant (4)]
  2119 | D:4      | HP: 16/53 [worker ant (5)]
  2128 | D:3      | Reached skill level 2 in Short Blades
  2128 | D:3      | Reached skill level 2 in Long Blades
  2128 | D:3      | Reached skill level 5 in Axes
  2128 | D:3      | Reached skill level 2 in Maces & Flails
  2128 | D:3      | Reached skill level 2 in Polearms
  2128 | D:3      | Reached skill level 2 in Staves
  2128 | D:3      | Reached skill level 2 in Slings
  2128 | D:3      | Reached skill level 2 in Bows
  2128 | D:3      | Reached skill level 2 in Crossbows
  2128 | D:3      | Reached skill level 2 in Throwing
  2128 | D:3      | Reached skill level 2 in Dodging
  2128 | D:3      | Reached skill level 2 in Stealth
  2128 | D:3      | Reached skill level 2 in Unarmed Combat
  2128 | D:3      | Reached skill level 2 in Spellcasting
  2128 | D:3      | Reached skill level 2 in Evocations
  2611 | D:4      | Reached XP level 7. HP: 50/59 MP: 10/10
  2686 | D:5      | Entered Level 5 of the Dungeon
  2755 | D:5      | HP: 27/59 [orc priest/divine providence (9)]
  2758 | D:5      | Reached skill level 7 in Fighting
  2758 | D:5      | Reached skill level 7 in Armour
  2758 | D:5      | Reached skill level 7 in Shields
  2758 | D:5      | HP: 5/60 [orc priest/divine providence (14)]
  2762 | D:5      | Killed from afar by an orc priest

Vanquished Creatures
  An ogre (D:4)
  2 orc wizards
  An orc priest (D:5)
  Terence (D:1)
  4 worker ants
  A hound skeleton (D:2)
  7 gnolls
  5 adders
  An ooze (D:2)
  An adder skeleton (D:2)
  A worm (D:3)
  3 dart slugs
  7 orcs
  A ball python (D:3)
  3 giant cockroaches
  5 goblins
  6 hobgoblins
  5 jackals
  3 quokkas
  7 bats
  3 frilled lizards
  11 kobolds
  A quokka skeleton (D:2)
  A quokka zombie (D:2)
  14 rats
95 creatures vanquished.
